 Dungeon Crawl Stone Soup version 0.27-a0-1182-gee19b5822f (webtiles) character file.

Game seed: 13907910298307436789

25 DasRunzen the Ducker (level 2, 0/36 HPs)
             Began as a Demigod Gladiator on May 18, 2021.
             Killed from afar by Sigmund (5 damage)
             ... with a magic dart
             ... on level 2 of the Dungeon.
             The game lasted 00:01:22 (1795 turns).

DasRunzen the Ducker (Demigod Gladiator)            Turns: 1795, Time: 00:01:24

Health: 0/36       AC: 21    Str: 15    XL:     2   Next: 66%
Magic:  4/4        EV:  2    Int: 10    God:
Gold:   79         SH:  0    Dex: 15    Spells: 1/1 levels left

rFire    . . .     SeeInvis .   a - +0 trident
rCold    . . .     Faith    .   (no shield)
rNeg     + + +     Spirit   .   (armour currently unavailable)
rPois    +         Reflect  .   (helmet currently unavailable)
rElec    .         Harm     .   (cloak currently unavailable)
rCorr    .         Rampage  .   (gloves currently unavailable)
Will     .....     NoTele   +   (boots currently unavailable)
Stlth    +.........             (no amulet)
HPRegen  0.12/turn              (no ring)
MPRegen  0.09/turn              (no ring)

@: tree-form
A: stationary, stasis, torment immunity, boosted hp, high mp 1, forlorn
a: no special abilities


You were on level 2 of the Dungeon.
You were a tree.
You visited 1 branch of the dungeon, and saw 2 of its levels.

You collected 79 gold pieces.

Inventory:

Hand Weapons
 a - a +0 trident (weapon)
Missiles
 d - 3 throwing nets (quivered)
Armour
 c - a +0 helmet (melded)
 j - a +3 scale mail (melded)
Scrolls
 g - a scroll of enchant armour {unknown}
 k - a scroll of summoning {unknown}
Potions
 e - a potion of curing
 i - 2 potions of degeneration {unknown}
 l - a potion of mutation {unknown}


   Skills:
 + Level 2.1 Fighting
 + Level 2.9 Polearms
 - Level 1.7 Throwing
 + Level 1.0 Armour
 + Level 3.0 Dodging


You had one spell level left.
You didn't know any spells.
Your spell library was empty.

Dungeon Overview and Level Annotations

Branches:
Dungeon (2/15)

Annotations:
D:2 Sigmund


Innate Abilities, Weirdness & Mutations

You are a tree.
Your roots penetrate the ground, keeping you stationary.
You cannot be teleported.
You are immune to unholy pain and torment.
Your maximum health is greatly increased.
Your equipment is partially melded.
Your attributes grow dramatically as you level up.
You have an increased reservoir of magic. (+10% MP)
You shall have no god before yourself.


Message History

The puff of flame misses you.
Reach: a) +0 trident
Press: ? - help, Dir - move target You reach to attack!
You miss something. Something hits you. Something burns you.
Reach: a) +0 trident
Press: ? - help, Dir - move target You reach to attack!
You hit something.
You hear some strange, mumbled words.
You are confused.
You're too confused to aim your attacks!
It was a potion of curing.
You feel better.
A magic dart appears from out of thin air!
The magic dart hits you.
Reach: a) +0 trident
Press: ? - help, Dir - move target You reach to attack!
You hit something. Something hits you. Something burns you.
Reach: a) +0 trident
Press: ? - help, Dir - move target You reach to attack!
You closely miss something. Something hits you. Something burns you.
* * * LOW HITPOINT WARNING * * *
Reach: a) +0 trident
Press: ? - help, Dir - move target, f - you
Okay, then.
It was a potion of flight.
You feel very buoyant.
You fly up into the air.
You hear some strange, mumbled words.
A puff of flame appears from out of thin air!
The puff of flame hits you.
* * * LOW HITPOINT WARNING * * *
It was a potion of lignification.
You turn into a tree.
Your +0 helmet melds into your body.
Your +3 scale mail melds into your body.
Your roots penetrate the ground.
A magic dart appears from out of thin air!
The magic dart hits you.
You die...

###....#### ##.#.##
#.....# #.###.# #.#
#.# #+# #.###.#
#####.# #.....#
#.....#
####.######.###.####.#
#........##.# #.♣.{..#
#.##.###.##.###....#.#
# #.###.##......#.#
#..........#.##.#
#####.######.# # #.#
#.# #.# #(# ..# #.#
######## #.#


There were no monsters in sight!

Vanquished Creatures
  A dart slug (D:1)
  2 endoplasms
  2 hobgoblins (D:1)
  4 jackals (D:1)
  A quokka (D:1)
  A ball python (D:1)
  3 bats (D:1)
  A frilled lizard (D:2)
  A goblin (D:1)
  3 kobolds (D:1)
  3 rats (D:1)
22 creatures vanquished.

Notes
Turn   | Place    | Note
-------+----------+-------------------------------------------
     0 | D:1      | DasRunzen the Demigod Gladiator began the quest for the
                  | Orb.
     0 | D:1      | Reached XP level 1. HP: 17/17 MP: 3/3
   382 | D:1      | Reached XP level 2. HP: 18/24 MP: 4/4
   956 | D:1      | Reached skill level 3 in Dodging
  1242 | D:2      | Reached skill level 1 in Armour
  1782 | D:2      | Noticed Sigmund
  1795 | D:2      | Killed from afar by Sigmund

Illustrated notes

Levels and vault maps discovered:
D:1:      giann_horns, layout_loops_ring, chequers_serial_rivers_large_b
D:2:      layout_loops_corners, uniq_sigmund

Skill      XL: |  1  2 |
---------------+-------+-----
Fighting       | 2 |  2.1
Dodging        | 3 |  3.0
Armour         | 1 |  1.0
Polearms       | |  2.9
Throwing       | |  1.7

Action                   || total
-------------------------++-------
Melee: Trident           ||    58
  Use: Potion            ||     4
       Scroll            ||     3
 Stab: Sleeping          ||     1
Armor: Leather armour    ||    10
       Scale mail        ||     1
Dodge: Dodged            ||    21

Table legend: (Time is in decaauts)
 A = Elapsed time spent in this place.
 B = Non-inter-level travel time spent in this place.
 C = Inter-level travel time spent in this place.
 D = Time resting spent in this place.
 E = Time spent auto-exploring this place.
 F = Levels seen in this place.
 G = Mean time per level.
                   A        B        C        D        E       F      G
               +--------+--------+--------+--------+--------+-----+--------+
         Total |   1832 |   1813 |     19 |    221 |   1449 |   2 |  916.0 |
       Dungeon |   1832 |   1813 |     19 |    221 |   1449 |   2 |  916.0 |
               +--------+--------+--------+--------+--------+-----+--------+

Top non-repeatable levels by time:
     D:1: 1112 daAuts
     D:2: 720 daAuts
